AoeStats
← 76561199026418587

Arabia

510266378Analyzed
2v2 RM · 2d ago on Sep 30, 2026· 36m 8s· 4 players
Game mode
Random Map
Map size
Medium (4 player)
Population
200
Speed
Normal
Resources
Standard
Victory
Conquest
Starting age
Dark Age
Ending age
Imperial Age
RankedLock teamsTeams togetherTeam positionsShared explorationLock speedFull tech treeHidden civsTurbo modeCheats
Victory
Defeat
🇦🇷 Bulgarians · Argentina
1224
+13
🇨🇳 Ethiopians · China
1089
+19
🇦🇷 Cumans · Argentina
1161
-16
🇦🇷 Persians · Argentina
1149
-16
Grischuk
7:48 Loom
9:55 Feudal Age
10:28 Double-Bit Axe
12:55 Forging
15:09 Scale Barding Armor
17:41 Bloodlines
20:54 Castle Age
21:46 Wheelbarrow
20:52 Horse Collar
21:04 Gold Mining
21:34 Light Cavalry
23:01 Iron Casting
22:16 Light Cavalry
25:43 Chain Barding Armor
26:16 Hand Cart
26:24 Town Watch
26:38 Fletching
26:49 Padded Archer Armor
26:56 Heavy Plow
28:34 Bow Saw
28:25 Stone Mining
29:13 Gold Shaft Mining
30:43 Bodkin Arrow
31:04 Leather Archer Armor
36:55 Imperial Age
SamsungA10
6:21 Loom
8:55 Feudal Age
26:20 Castle Age
25:08 Scale Barding Armor
26:52 Bloodlines
27:06 Chain Barding Armor
27:25 Husbandry
Konradiniert
7:39 Loom
9:51 Feudal Age
11:30 Forging
11:34 Double-Bit Axe
12:46 Scale Mail Armor
16:19 Horse Collar
17:22 Scale Barding Armor
19:55 Gold Mining
22:15 Castle Age
21:05 Stone Mining
23:51 Iron Casting
24:49 Gold Shaft Mining
27:15 Chain Barding Armor
28:40 Pikeman
31:33 Chain Mail Armor
34:59 Bloodlines
34:50 Husbandry
36:19 Arson
36:34 Squires
76561199026418587
7:18 Loom
10:52 Feudal Age
12:43 Double-Bit Axe
18:24 Fletching
18:35 Padded Archer Armor
24:34 Castle Age
23:53 Gold Mining
24:35 Crossbowman
25:16 Bodkin Arrow
26:17 Leather Archer Armor
29:02 Thumb Ring
34:52 Squires
Connection lost

Rejoining the realm…

Still unreachable

The connection could not be restored.

Session expired

The server has moved on; the page needs a fresh start.